AoeStats
← Will.I.Am

MegaRandom

503905144Analyzed
3v3 RM · 28d ago on Sep 2, 2026· 51m 7s· 6 players
Game mode
Random Map
Map size
Normal (6 player)
Population
200
Speed
Normal
Resources
Standard
Victory
Conquest
Starting age
Dark Age
Ending age
Imperial Age
RankedLock teamsTeams togetherTeam positionsShared explorationLock speedFull tech treeHidden civsTurbo modeCheats
Victory
Defeat
🇦🇷 Mongols · Argentina
1183
+10
🇦🇷 Persians · Argentina
1163
+10
🇦🇷 Spanish · Argentina
1115
+12
🇦🇺 Celts · Australia
1093
-13
🇧🇷 Burgundians · Brazil
1044
-11
🇨🇴 Berbers · Colombia
966
-8
Mineirinha
4:55 Double-Bit Axe
7:28 Loom
11:48 Feudal Age
16:34 Castle Age
16:31 Forging
16:27 Scale Barding Armor
22:08 Gold Mining
22:08 Stone Mining
23:32 Chain Barding Armor
23:55 Wheelbarrow
23:13 Cavalier
23:53 Husbandry
24:53 Horse Collar
25:45 Heavy Plow
36:52 Imperial Age
38:16 Stone Shaft Mining
39:09 Iron Casting
39:10 Plate Barding Armor
38:36 Scale Mail Armor
39:54 Chemistry
41:18 Blast Furnace
41:26 Bombard Tower
41:04 Paladin
LeonSuarez
11:30 Feudal Age
11:19 Loom
13:19 Fishing Lines
15:13 Double-Bit Axe
21:03 Castle Age
19:14 Fletching
22:31 Horse Collar
22:50 Gillnets
27:40 Town Watch
32:13 Imperial Age
30:20 Wheelbarrow
32:01 Hand Cart
35:32 Ballistics
37:27 Bow Saw
39:43 Heavy Plow
39:37 Treadmill Crane
40:59 Chemistry
40:04 Bodkin Arrow
41:08 Bracer
41:34 Town Patrol
42:47 Forging
42:56 Medium Warships
42:59 Gold Mining
45:35 Medium Warships
46:06 Iron Casting
45:50 Siege Engineers
46:55 Gold Shaft Mining
46:57 Shipwright
46:51 Careening
48:34 Heavy Warships
Will.I.Am
6:08 Loom
9:39 Feudal Age
16:56 Castle Age
18:29 Double-Bit Axe
26:23 Bow Saw
25:55 Horse Collar
26:06 Gold Mining
26:08 Stone Mining
26:56 Wheelbarrow
29:38 Husbandry
32:35 Imperial Age
31:15 Hand Cart
31:48 Forging
32:59 Scale Barding Armor
33:07 Capped Ram
34:59 Cavalier
39:38 Iron Casting
38:54 Fletching
39:25 Chain Barding Armor
39:28 Ballistics
39:04 Murder Holes
38:51 Treadmill Crane
39:22 Masonry
40:11 Scale Mail Armor
41:13 Conscription
42:25 Siege Ram
43:53 Elite Woad Raider
44:54 Chain Mail Armor
45:41 Furor Celtica
45:25 Stronghold
OcultoElTopo
5:05 Loom
11:08 Feudal Age
11:58 Double-Bit Axe
15:50 Wheelbarrow
15:00 Horse Collar
17:52 Fishing Lines
18:37 Forging
22:00 Castle Age
22:54 Medium Warships
22:28 Light Cavalry
23:09 Husbandry
24:35 Iron Casting
24:16 Town Watch
24:01 Demolition Ship
25:29 Bloodlines
27:16 Scale Barding Armor
27:34 Heavy Plow
29:00 Gillnets
29:47 Hand Cart
31:18 Chain Barding Armor
32:38 Town Patrol
35:45 Imperial Age
34:08 Gold Mining
34:08 Stone Mining
35:24 Ballistics
35:10 Siphons
35:25 Careening
35:26 Clinker Construction
35:30 Cavalier
37:12 Chemistry
37:20 Heavy Warships
37:17 Bow Saw
37:52 Plate Barding Armor
38:24 Blast Furnace
37:38 Savar
40:11 Dry Dock
40:12 Carvel Hull
39:40 Elite Cannon Galleon
42:21 Two-Man Saw
41:53 Fletching
43:44 Scale Mail Armor
47:41 Heated Shot
47:50 Bodkin Arrow
48:55 Masonry
48:41 Murder Holes
48:36 Guard Tower
48:57 Incendiaries
Greco
5:05 Loom
12:16 Feudal Age
12:50 Fishing Lines
12:57 Double-Bit Axe
15:51 Gold Mining
16:13 Fletching
21:44 Castle Age
22:41 Medium Warships
22:31 Bodkin Arrow
23:24 Wheelbarrow
23:31 Bow Saw
26:08 Stone Mining
26:35 Hand Cart
31:37 Clinker Construction
31:38 Careening
33:46 Ballistics
36:28 Horse Collar
38:43 Husbandry
38:57 Bloodlines
39:11 Heavy Plow
41:53 Scale Barding Armor
46:02 Imperial Age
47:10 Bracer
Galetheos
6:25 Loom
9:17 Feudal Age
9:47 Double-Bit Axe
12:01 Loom
17:37 Castle Age
15:59 Stone Mining
16:34 Gold Mining
16:34 Horse Collar
19:05 Bow Saw
23:27 Fletching
26:56 Wheelbarrow
28:09 Bloodlines
28:45 Hand Cart
32:30 Imperial Age
32:17 Heavy Plow
32:10 Gold Mining
32:59 Scale Barding Armor
33:20 Elite Steppe Lancer
33:39 Pikeman
35:11 Chain Barding Armor
36:08 Forging
36:48 Conscription
41:17 Husbandry
43:39 Iron Casting
44:39 Squires
46:54 Blast Furnace
49:07 Gold Shaft Mining
Connection lost

Rejoining the realm…

Still unreachable

The connection could not be restored.

Session expired

The server has moved on; the page needs a fresh start.